 Dungeon Crawl Stone Soup version 0.23.2-33-g5129a83184 (webtiles) character file.

Game seed: 16388935173073236936

837 Revguard the Stinger (level 7, -1/41 HPs)
             Began as an Octopode Venom Mage on July 13, 2019.
             Was a Follower of Sif Muna.
             Slain by an ice beast (12 damage)
             ... on level 6 of the Dungeon on July 15, 2019.
             The game lasted 00:26:10 (5704 turns).

Revguard the Stinger (Octopode Venom Mage)          Turns: 5704, Time: 00:26:10

Health: -1/41      AC:  3    Str:  8    XL:     7   Next: 99%
Magic:  9/13       EV: 14    Int: 19    God:    Sif Muna [*.....]
Gold:   258        SH:  0    Dex: 12    Spells: 2/14 levels left

rFire    + . .     SeeInvis .   e - +1 whip (venom)
rCold    . . .     Gourm    .   (no shield)
rNeg     . . .     Faith    .   (helmet restricted)
rPois    .         Spirit   .   (no amulet)
rElec    .         Reflect  .   u - ring of protection from fire
rCorr    .         Harm     .   n - ring of wizardry
MR       .....                  (no ring)
Stlth    ++++......             (no ring)
HPRegen  0.13/turn              (no ring)
MPRegen  0.13/turn              (no ring)
                                (no ring)
                                (no ring)

@: no status effects
A: almost no armour, stealthy swim, amphibious, 8 rings, constrict 8, icy blue
scales 1, camouflage 1, wild magic 1, gelatinous body 1
a: Divine Energy, Renounce Religion


You were on level 6 of the Dungeon.
You worshipped Sif Muna.
Sif Muna was aware of your devotion.
You were near starving.

You visited 1 branch of the dungeon, and saw 6 of its levels.

You collected 258 gold pieces.

Inventory:

Hand Weapons
 e - a +1 whip of venom (weapon)
 g - a +0 dagger
 r - a +0 spear
Missiles
 f - 167 arrows
Jewellery
 n - a ring of wizardry (right tentacle)
 u - a ring of protection from fire (left tentacle)
Wands
 c - a wand of random effects (25)
 o - a wand of enslavement (10)
Scrolls
 d - a scroll of identify
 h - 3 scrolls of remove curse
 l - a scroll of immolation
 s - a scroll of magic mapping
 t - a scroll of enchant weapon {unknown}
 v - a scroll of teleportation
Potions
 a - a potion of cancellation
 i - 2 potions of haste
 j - 2 potions of curing
 k - a potion of brilliance
 m - a potion of heal wounds
 p - a potion of mutation
 q - a potion of lignification {unknown}
Comestibles
 b - 12 rations


   Skills:
 - Level 1.7 Maces & Flails
 * Level 2.2 Polearms
 * Level 3.6 Dodging
 * Level 5.1 Stealth
 * Level 4.4 Spellcasting
 + Level 2.1 Conjurations
 + Level 1.6 Air Magic
 * Level 6.1 Poison Magic


You had 2 spell levels left.
You knew the following spells:

 Your Spells              Type           Power        Failure   Level  Hunger
a - Sting                 Conj/Pois      ####         1%          1    None
b - Poisonous Vapours     Pois/Air       ###...       2%          2    #......
c - Sticks to Snakes      Tmut           #.......     12%         2    #......
d - Mephitic Cloud        Conj/Pois/Air  ###.....     6%          3    ###....
e - Olgreb's Toxic Radia  Pois           #####...     6%          4    ####...

Your spell library contained the following spells:

 Spells                   Type           Power        Failure   Level  Hunger
 Beastly Appendage        Tmut           #.....       8%          1    None
 Spider Form              Tmut/Pois      ###.......   6%          3    ###....
 Venom Bolt               Conj/Pois      ####......   32%         5    ######.
 Ice Form                 Ice/Tmut       #.......     52%         4    ####...
 Blade Hands              Tmut           #.........   83%         5    ######.


Dungeon Overview and Level Annotations

Branches:
Dungeon (6/15)
 Temple: D:4-7

Altars:
Fedhas
Okawaru
Sif Muna
Vehumet
Wu Jian


Innate Abilities, Weirdness & Mutations

You cannot wear most types of armour.
You are very stealthy in the water. (Stealth+)
You are amphibious.
You can wear up to eight rings at the same time.
You can use your tentacles to constrict eight enemies at once.
Your skin changes colour to match your surroundings (Stealth+).
Your rubbery body absorbs attacks. (AC +1, EV +1)
You are partially covered in icy blue scales. (AC +2)
Your spells are a little harder to cast, but a little more powerful.


Message History

Aim: an ice beast (lightly wounded)
The sting hits the ice beast but does no damage.
The ice beast is lightly wounded.
You hit the ice beast but do no damage.
The ice beast is lightly wounded.
The ice beast hits you. The ice beast freezes you!
You hit the ice beast.
The ice beast is lightly wounded.
The ice beast hits you. The ice beast freezes you!
Casting: Sting (safe; 1% risk of failure)
Confirm with . or Enter, or press ? or * to list all spells.
Aiming: Sting (safe; 1% risk of failure)
Press: ? - help, Shift-Dir - straight line, f/p - ice beast
Aim: an ice beast (lightly wounded)
The sting hits the ice beast.
The ice beast completely resists.
The ice beast is lightly wounded.
The ice beast hits you.
* * * LOW HITPOINT WARNING * * *
The ice beast freezes you!
You die...

#### ####### ..#
....... #.#
#####.......
#.#####...........
####....##.###.......
#.........Y.# .......
#.........@.# .......
#...........# .......
#...........# ...$...
#...........# ^......
#...........# .......
#...........#
#..<........#
#############


You could see an ice beast.

Vanquished Creatures
  An ogre (D:4)
  A sky beast (D:5)
  2 centaurs (D:5)
  A howler monkey (D:4)
  An orc wizard (D:5)
  2 hounds (D:4)
  A jelly (D:5)
  3 iguanas
  Natasha (thrice) (D:4)
  2 worker ants (D:4)
  A hound skeleton (D:5)
  6 adders
  An adder skeleton (D:4)
  4 dart slugs
  A leopard gecko (D:5)
  10 orcs
  5 giant cockroaches
  4 goblins
  5 hobgoblins
  3 jackals (D:2)
  2 quokkas (D:2)
  A ball python (D:1)
  5 bats
  5 frilled lizards
  4 kobolds
  3 rats
77 creatures vanquished.

Notes
Turn   | Place    | Note
-------+----------+-------------------------------------------
     0 | D:1      | Revguard the Octopode Venom Mage began the quest for the
                  | Orb.
     0 | D:1      | Reached XP level 1. HP: 11/11 MP: 3/3
   171 | D:1      | You fall through a shaft!
   178 | D:2      | Reached skill level 4 in Poison Magic
   178 | D:2      | Reached XP level 2. HP: 17/17 MP: 0/5
   474 | D:2      | You fall through a shaft!
   482 | D:3      | Reached XP level 3. HP: 9/21 MP: 0/6
   945 | D:3      | Learned a level 2 spell: Poisonous Vapours
  1058 | D:3      | Reached XP level 4. HP: 24/27 MP: 3/7
  1387 | D:3      | Found an ornate altar of the Wu Jian Council.
  1846 | D:2      | Found a blossoming altar of Fedhas.
  2247 | D:2      | Found a deep blue altar of Sif Muna.
  2247 | D:2      | Found an iron altar of Okawaru.
  2248 | D:2      | Found a radiant altar of Vehumet.
  2258 | D:2      | Became a worshipper of Sif Muna the Loreminder
  2584 | D:1      | Gained mutation: Your spells are a little harder to cast,
                  | but a little more powerful. [potion of mutation]
  2584 | D:1      | Gained mutation: You are partially covered in icy blue
                  | scales. (AC +2) [potion of mutation]
  3334 | D:4      | Noticed an ogre
  3342 | D:4      | Killed an ogre
  3342 | D:4      | Reached skill level 5 in Poison Magic
  3342 | D:4      | Reached XP level 5. HP: 31/31 MP: 0/9
  3429 | D:4      | Reached skill level 1 in Polearms
  3429 | D:4      | Reached XP level 6. HP: 31/36 MP: 3/10
  3433 | D:4      | Learned a level 2 spell: Sticks to Snakes
  3554 | D:4      | Noticed Natasha
  3560 | D:4      | Killed Natasha
  3695 | D:4      | Noticed Natasha
  3699 | D:4      | Killed Natasha
  3985 | D:4      | Reached skill level 1 in Maces & Flails
  4279 | D:4      | Noticed Natasha
  4282 | D:4      | Reached XP level 7. HP: 41/41 MP: 0/12
  4293 | D:4      | Killed Natasha
  4293 | D:4      | Reached skill level 1 in Air Magic
  4577 | D:5      | Entered Level 5 of the Dungeon
  4784 | D:5      | Learned a level 3 spell: Mephitic Cloud
  4789 | D:5      | Learned a level 4 spell: Olgreb's Toxic Radiance
  4836 | D:5      | Reached * piety under Sif Muna
  5056 | D:5      | Reached skill level 5 in Stealth
  5214 | D:5      | Reached skill level 6 in Poison Magic
  5704 | D:6      | Slain by an ice beast

Skill      XL: |  1  2  3  4  5  6  7 |
---------------+----------------------+-----
Poison Magic   | 4 5 6 |  6.1
Stealth        | 3 4 5 |  5.1
Dodging        | 3 |  3.6
Spellcasting   | 3 4 |  4.4
Polearms       | 1 2 |  2.2
Maces & Flails | 1 |  1.7
Air Magic      | 1 |  1.6
Conjurations   | 2 |  2.1

Action                   |  1- 3 |  4- 6 |  7- 9 || total
-------------------------+-------+-------+-------++-------
Melee: Unarmed           |    34 |       |       ||    34
       Constrict         |    10 |    12 |     6 ||    28
       Tentacles         |     4 |     6 |     6 ||    16
       Whip              |       |    31 |    30 ||    61
 Cast: Sting             |    31 |    51 |    21 ||   103
       Poisonous Vapours |       |    25 |     8 ||    33
       Mephitic Cloud    |       |       |     2 ||     2
  Use: Scroll            |       |    12 |       ||    12
       Potion            |       |     1 |       ||     1
 Stab: Sleeping          |     3 |     5 |     1 ||     9
  Eat: Chunk             |       |    11 |     4 ||    15
Armor: Skin              |     6 |     3 |     2 ||    11
Dodge: Dodged            |    38 |    30 |    25 ||    93
